Map: Rhoskallian EE

Players

Donnadiee

  • Race: Protoss Protoss
  • League: Platinum
  • Spawn Location: 6:00

PIBE

  • Race: Terran Terran
  • League: Gold
  • Spawn Location: 5:00

MrFercho

  • Race: Zerg Zerg
  • League: Gold
  • Spawn Location: 11:00

TATORREA

  • Race: Protoss Protoss
  • League: Gold
  • Spawn Location: 12:00

VOD

Have the link to the VOD?

Description

Time

  • Played on: Aug. 6, 2020, 8:53 p.m.
  • Length: 9:36
Show
View Real Time Build Order
Export as new Build Order

Donnadiee Protoss 

Build Orders:  

Get SALT Encoding   

  12  0:02  Probe  
  13  0:16  Probe  
  14  0:26  Pylon  
  14  0:29  Probe (Chrono Boost)  
  15  0:42  Probe (Chrono Boost)  
  16  0:51  Gateway  
  16  0:53  Probe  
  16  0:54  Assimilator  
  17  1:05  Probe  
  17  1:07  Gateway  
  18  1:27  Probe  
  19  1:34  Pylon  
  19  1:47  Zealot  
  19  1:50  Cybernetics Core  
  21  1:55  Pylon  
  21  2:02  Probe  
  22  2:14  Probe  
  23  2:20  Zealot  
  25  2:26  Probe  
  25  2:27  Adept  
  28  2:33  Assimilator  
  28  2:38  Probe  
  29  2:47  Adept  
  29  2:50  Probe  
  31  2:52  Warp Gate (Chrono Boost)  
  31  3:00  Nexus  
  31  3:03  Probe  
  32  3:15  Probe  
  33  3:22  Robotics Facility  
  33  3:26  Adept  
  35  3:39  Probe  
  36  3:44  Stalker  
  38  3:51  Probe  
  38  3:52  Gateway  
  39  4:12  Stalker  
  41  4:23  Probe  
  42  4:26  Observer  
  42  4:30  Gateway  
  43  4:32  Pylon  
  43  4:35  Probe  
  44  4:39  Stalker  
  48  4:47  Probe, Observer  
  48  4:50  Stalker  
  50  5:10  Stalker x2  
  54  5:20  Stalker  
  56  5:22  Probe  
  56  5:25  Probe  
  58  5:34  Probe  
  59  5:37  Probe  
  56  6:04  Observer  
  56  6:11  Stalker  
  56  6:12  Stalker x2  
  56  6:17  Pylon  
  62  6:21  Assimilator, Pylon  
  62  6:23  Pylon  
  62  6:31  Probe  
  62  6:35  Probe  
  62  6:38  Gateway  
  63  6:40  Gateway  
  63  6:43  Gateway, Probe  
  63  6:46  Twilight Council  
  64  6:48  Probe  
  64  6:49  Warp Prism (Chrono Boost)  
  65  7:15  Probe x2  
  67  7:16  Pylon  
  67  7:19  Stalker x4  
  66  7:44  Stalker x5  
  68  7:45  Stalker  
  66  8:01  Stalker  
  60  8:21  Zealot x6  
  60  8:27  Probe x2  
  74  8:35  Stalker  
  70  8:52  Stalker  
  70  8:53  Stalker x5  
  54  9:27  Stalker x6  
  54  9:28  Stalker  
Show
View Real Time Build Order
Export as new Build Order

PIBE Terran 

Build Orders: 2 Factory, Mech 

Get SALT Encoding   

  12  0:03  SCV  
  13  0:14  Supply Depot  
  13  0:26  SCV, Refinery  
  14  0:39  SCV, Refinery  
  15  0:53  Barracks  
  15  0:58  SCV  
  16  1:12  SCV  
  17  1:24  SCV  
  18  1:42  Factory  
  18  1:52  Barracks Reactor, SCV  
  19  2:04  SCV  
  20  2:09  Supply Depot  
  20  2:16  SCV  
  21  2:27  Factory  
  21  2:28  SCV  
  22  2:42  Widow Mine  
  22  2:43  Widow Mine  
  26  2:56  Orbital Command  
  26  3:04  Widow Mine x2  
  30  3:16  Factory Tech Lab  
  30  3:19  Factory  
  30  3:46  Supply Depot  
  30  4:07  Siege Tank  
  30  4:08  Widow Mine x2  
  30  4:09  Supply Depot  
  37  4:24  Factory Tech Lab  
  37  4:29  Widow Mine  
  37  4:31  Widow Mine  
  41  4:34  Supply Depot  
  41  4:39  Siege Tank, SCV  
  45  4:51  SCV  
  46  4:57  Supply Depot  
  46  5:03  SCV  
  51  5:14  Widow Mine x2  
  51  5:15  Siege Tank  
  51  5:19  Siege Tank  
  51  5:20  Supply Depot  
  61  5:35  Widow Mine x2  
  61  5:51  Siege Tank  
  66  5:57  Widow Mine  
  66  6:21  Siege Tank  
  66  6:23  Widow Mine  
  71  6:35  Command Center  
  71  6:36  Supply Depot  
  71  6:58  Widow Mine x2, Siege Tank  
  71  6:59  Supply Depot  
  54  8:11  Widow Mine x2  
  54  8:12  Siege Tank x2  
  62  8:33  Widow Mine  
  60  8:44  Siege Tank  
  60  8:45  Siege Tank  
Show
View Real Time Build Order
Export as new Build Order

MrFercho Zerg 

Build Orders: Pool First 

Get SALT Encoding   

  12  0:23  Spawning Pool, Drone  
  12  0:27  Drone  
  13  0:31  Drone  
  14  0:40  Overlord  
  14  1:00  Drone  
  14  1:01  Drone  
  16  1:15  Zergling x2  
  17  1:18  Drone  
  18  1:36  Zergling x2  
  19  1:41  Drone  
  20  1:47  Hatchery  
  19  2:20  Drone  
  19  2:21  Drone x2  
  22  2:26  Extractor  
  21  2:34  Overlord  
  21  2:53  Drone  
  21  2:54  Drone  
  21  2:55  Queen  
  25  2:59  Drone  
  25  3:05  Drone  
  27  3:09  Queen  
  27  3:10  Drone  
  30  3:14  Drone  
  31  3:24  Drone  
  32  3:27  Overlord  
  32  3:45  Zergling x4  
  35  3:48  Drone x2  
  35  3:52  Metabolic Boost  
  35  3:55  Drone  
  37  4:07  Drone x2  
  39  4:13  Drone  
  40  4:17  Lair  
  40  4:33  Spore Crawler  
  40  4:38  Overlord x2, Spine Crawler, Drone x5  
  44  4:39  Overlord  
  43  4:57  Hatchery, Drone x5  
  43  4:58  Drone  
  48  5:00  Extractor  
  48  5:01  Extractor  
  48  5:05  Hatchery  
  45  5:24  Hydralisk Den  
  44  5:31  Drone x4  
  44  5:32  Drone  
  49  5:41  Extractor  
  48  5:43  Evolution Chamber  
  48  5:46  Evolution Chamber  
  43  6:05  Overseer  
  43  6:06  Overlord x2  
  43  6:09  Zerg Missile Weapons Level 1  
  43  6:12  Muscular Augments  
  43  6:13  Zergling x10  
  43  6:18  Queen  
  50  6:34  Pneumatized Carapace  
  50  6:46  Hydralisk x6  
  52  6:50  Overlord x2  
  61  7:21  Hydralisk x5  
  61  7:22  Hydralisk  
  71  7:23  Grooved Spines  
  71  7:30  Zergling x28  
  71  7:31  Zergling x2  
  77  7:56  Hydralisk x5  
  74  7:58  Overseer  
  74  8:01  Hydralisk  
  54  8:14  Zergling x18  
  54  8:16  Overseer  
  61  8:39  Zergling x12  
  61  8:40  Zergling x8  
  63  8:48  Hydralisk x5  
  64  9:00  Zergling x6  
  57  9:13  Zergling x10  
Show
View Real Time Build Order
Export as new Build Order

TATORREA Protoss 

Build Orders: Zealot Archon 

Get SALT Encoding   

  12  0:03  Probe  
  13  0:15  Probe  
  14  0:26  Pylon  
  14  0:28  Probe  
  15  0:44  Probe  
  16  0:52  Gateway  
  16  1:01  Probe  
  17  1:04  Assimilator  
  17  1:07  Pylon  
  17  1:13  Probe  
  18  1:22  Assimilator  
  18  1:25  Probe  
  19  1:37  Probe  
  20  1:48  Cybernetics Core  
  20  1:49  Gateway, Probe (Chrono Boost)  
  21  2:01  Probe (Chrono Boost)  
  22  2:06  Probe (Chrono Boost)  
  23  2:16  Pylon, Probe  
  24  2:42  Probe (Chrono Boost)  
  24  2:44  Nexus  
  25  2:46  Warp Gate, Pylon  
  25  2:51  Stalker  
  28  2:52  Probe (Chrono Boost)  
  28  2:57  Stalker  
  30  3:00  Probe  
  31  3:12  Probe  
  32  3:21  Stalker  
  32  3:24  Probe  
  35  3:27  Stalker  
  37  3:46  Probe  
  38  3:51  Stalker  
  40  3:57  Stalker  
  40  3:58  Probe  
  43  4:27  Probe x2  
  45  4:34  Robotics Facility  
  45  4:36  Gateway  
  45  4:38  Gateway  
  45  4:39  Probe (Chrono Boost)  
  45  4:41  Probe (Chrono Boost)  
  45  4:43  Twilight Council, Assimilator  
  45  4:45  Pylon  
  47  4:48  Assimilator  
  47  4:51  Probe (Chrono Boost)  
  49  4:56  Probe (Chrono Boost)  
  49  4:58  Stalker x2, Probe (Chrono Boost)  
  54  5:03  Probe  
  54  5:05  Probe  
  54  5:16  Probe  
  54  5:18  Probe  
  56  5:28  Probe, Observer  
  57  5:30  Probe  
  57  5:31  Charge (Chrono Boost), Zealot  
  57  5:32  Zealot x2  
  65  5:39  Zealot  
  67  5:55  Templar Archives  
  67  6:14  Stalker  
  69  6:24  Pylon  
  69  6:27  Pylon  
  69  6:34  Pylon  
  69  6:42  Immortal  
  69  6:46  High Templar x3  
  79  6:47  High Templar  
  79  6:50  Archon  
  79  6:51  Archon  
  64  7:20  Stalker x3  
  64  7:21  Stalker, Observer  
  57  7:47  Zealot x4  
  57  7:51  Immortal  
  53  8:09  Zealot x2  
  53  8:10  Zealot x2  
  48  8:30  Observer (Chrono Boost)  
  49  8:36  Zealot x2  
  49  8:37  Zealot x2  
  49  8:56  Observer  
  49  9:00  Zealot x2  
  49  9:01  Zealot x2  
  46  9:19  Gateway  
  46  9:21  Gateway  
  46  9:23  Gateway  
  50  9:27  Gateway  
  50  9:35  Gateway  
Tags
 
Add a new tag
Caveats
  • Supply blocks, unpowered buildings, or Contaminate may cause inaccurate times.
  • Supply counts are checked every 10 seconds.